AoeStats
← Kreess

Arabia

508488278Analyzed
1v1 RM · 8d ago on Sep 22, 2026· 43m 7s· 2 players
Game mode
Random Map
Map size
Tiny (2 player)
Population
200
Speed
Normal
Resources
Standard
Victory
Conquest
Starting age
Dark Age
Ending age
Imperial Age
RankedLock teamsTeams togetherTeam positionsShared explorationLock speedFull tech treeHidden civsTurbo modeCheats
Victory
Defeat
🇧🇷 Teutons · Brazil
215
+22
🇲🇽 Inca · Mexico
353
-22
EnoughDrop6157
1:39 Loom
11:10 Feudal Age
12:51 Double-Bit Axe
13:17 Gold Mining
13:19 Stone Mining
23:53 Castle Age
22:29 Wheelbarrow
21:42 Town Watch
25:30 Stone Shaft Mining
25:09 Bow Saw
25:12 Pikeman
25:13 Man-at-Arms
27:14 Bloodlines
26:38 Crossbowman
31:42 Long Swordsman
32:26 Squires
32:30 Town Patrol
34:51 Scale Barding Armor
34:52 Padded Archer Armor
34:43 Fletching
35:04 Forging
40:53 Imperial Age
38:57 Chain Barding Armor
41:20 Elite Teutonic Knight
43:09 Chemistry
Kreess
6:39 Loom
14:39 Feudal Age
22:12 Horse Collar
23:35 Double-Bit Axe
27:59 Castle Age
26:02 Town Watch
34:36 Squires
35:05 Padded Archer Armor
35:58 Bow Saw
38:46 Imperial Age
39:38 Andean Sling
40:16 Pikeman
40:30 Elite Skirmisher
Connection lost

Rejoining the realm…

Still unreachable

The connection could not be restored.

Session expired

The server has moved on; the page needs a fresh start.